 Dungeon Crawl Stone Soup version 0.21-a0-241-g2cbab09 (webtiles) character file.

25 Pippin the Sneak (level 3, -1/21 HPs)
             Began as a Kobold Wanderer on Sept 3, 2017.
             Slain by a giant cockroach (2 damage)
             ... on level 2 of the Dungeon.
             The game lasted 00:02:49 (1857 turns).

Pippin the Sneak (Kobold Wanderer)                  Turns: 1857, Time: 00:02:49

Health: -1/21      AC:  2    Str:  8    XL:     3   Next: 20%
Magic:  6/6        EV: 14    Int: 11    God:
Gold:   66         SH:  5    Dex: 18    Spells: 6/6 levels left

rFire    . . .     SeeInvis .   j - +0 dagger (freeze)
rCold    . . .     Gourm    .   h - +0 buckler
rNeg     . . .     Faith    .   e - +0 robe
rPois    .         Spirit   .   (no helmet)
rElec    .         Reflect  .   (no cloak)
rCorr    .         Harm     .   (no gloves)
MR       .....                  (no boots)
Stlth    +++.......             (no amulet)
HPRegen  0.07/turn              (no ring)
MPRegen  0.10/turn              (no ring)

@: no status effects
A: carnivore 3
a: no special abilities


You were on level 2 of the Dungeon.
You were near starving.

You visited 1 branch of the dungeon, and saw 2 of its levels.

You collected 66 gold pieces.

Inventory:

Hand Weapons
 j - a +0 dagger of freezing (weapon)
Armour
 e - a +0 robe (worn)
 h - a +0 buckler (worn)
Scrolls
 a - a scroll of fear
 c - a scroll of enchant weapon {unknown}
 g - 2 scrolls of identify {unknown}
Potions
 b - a potion of berserk rage
Books
 d - the Catalogue of Necromancy

   Spells                             Type                      Level
   a - Corpse Rot                     Necromancy                   2
   b - Sublimation of Blood           Necromancy                   2
Comestibles
 f - a meat ration


   Skills:
 - Level 2.1 Fighting
 + Level 0.3 Short Blades
 - Level 2.4 Dodging
 + Level 3.8 Stealth
 - Level 1.0 Unarmed Combat
 - Level 2.1 Spellcasting
   Level 1.0 Necromancy
   Level 2.4 Evocations


You had 6 spell levels left.
You didn't know any spells.

Dungeon Overview and Level Annotations

Branches:
Dungeon (2/15)

Altars:
Cheibriados


Innate Abilities, Weirdness & Mutations

You are small and have problems with some larger weapons.
You are carnivorous and can eat meat at any time.


Message History

You barely miss the giant cockroach.
The giant cockroach bites you but does no damage.
You barely miss the giant cockroach. The giant cockroach closely misses you.
You hit the giant cockroach but do no damage.
The giant cockroach bites you but does no damage.
You hit the giant cockroach but do no damage.
The giant cockroach closely misses you.
You hit the giant cockroach but do no damage.
The giant cockroach bites you but does no damage.
The giant cockroach bites you.
* * * LOW HITPOINT WARNING * * *
You closely miss the giant cockroach.
The giant cockroach bites you but does no damage.
You hit the giant cockroach but do no damage.
The giant cockroach bites you but does no damage.
You barely miss the giant cockroach. The giant cockroach bites you.
* * * LOW HITPOINT WARNING * * *
You hit the giant cockroach but do no damage.
The giant cockroach bites you.
You die...

...... #.#####
#.......... #......
#..........
######## #........
#....# # #.....
#....# # #....
#....# # #...#
####....### #...#
........... #..@+
........... ##s##
........... #...#
...........
#...##+#
#######.###
#....#.# #.# #
#....#.# #.# #
#....#.#######
#.###
##...#........
..#<.
#.......###########


You could see a giant cockroach.

Vanquished Creatures
  An ooze (D:1)
  A dart slug (D:1)
  3 giant cockroaches (D:1)
  4 goblins (D:1)
  3 hobgoblins (D:1)
  A bat (D:1)
  A frilled lizard (D:1)
  4 rats
18 creatures vanquished.

Notes
Turn   | Place    | Note
-------+----------+-------------------------------------------
     0 | D:1      | Pippin the Kobold Wanderer began the quest for the Orb.
     0 | D:1      | Pippin set off with: a scroll of fear, a potion of berserk rage, a +0 quarterstaff, the Catalogue of Necromancy, a +0 robe, a meat ration
     0 | D:1      | Reached XP level 1. HP: 12/12 MP: 3/3
     0 | D:1      | Identified the Catalogue of Necromancy
   150 | D:1      | Reached skill level 1 in Stealth
   166 | D:1      | Reached skill level 2 in Stealth
   166 | D:1      | Reached XP level 2. HP: 11/17 MP: 5/5
   410 | D:1      | Reached skill level 3 in Stealth
   463 | D:1      | Found a snail-covered altar of Cheibriados.
   634 | D:1      | Reached XP level 3. HP: 10/21 MP: 6/6
  1236 | D:1      | Found a snail-covered altar of Cheibriados.
  1856 | D:2      | HP: 1/21 [giant cockroach (1)]
  1857 | D:2      | Slain by a giant cockroach

Vault maps used:
D:1:      evilmike_arrival_hilbert_curve, cheibriados_altar_1

Skill      XL: |  1  2 |
---------------+-------+-----
Stealth        | 2 3 |  3.8
Fighting       | |  2.1
Short Blades   | |  0.3
Dodging        | |  2.4
Unarmed Combat | |  1.0
Spellcasting   | |  2.1
Necromancy     | |  1.0
Evocations     | |  2.4

Action                   || total
-------------------------++-------
Melee: Quarterstaff      ||    47
       Dagger            ||    23
 Stab: Sleeping          ||     4
  Eat: Chunk             ||     1
Armor: Robe              ||    12
Dodge: Dodged            ||    37
Block: Buckler           ||     3

Table legend:
 A = Spawn XP
 B = Non-spawn XP
 C = Spawn XP percentage of total XP
 D = Spawn monster count
 E = Non-spawn monster count
 F = Spawn count percentage of total count
 G = Total turns spent on level
                    A         B        C        D         E        F      G
               +---------+---------+-------+---------+---------+-------+---------
         Total |       4 |      33 |  10.8 |       2 |      16 |  11.1 |  1857
               +---------+---------+-------+---------+---------+-------+---------
           D:1 |       4 |      31 |  11.4 |       2 |      14 |  12.5 |  1729
           D:2 |       0 |       2 |   0.0 |       0 |       2 |   0.0 |   128
               +---------+---------+-------+---------+---------+-------+---------
